 Dungeon Crawl Stone Soup version 0.32-a0-711-g016ad743e0 (webtiles) character file.

Game seed: 6663592032961551333

67 runemasterragnar the Ruffian (level 4, -1/43 HPs)
             Began as an Octopode Shapeshifter on Mar 15, 2024.
             Succumbed to Ijyb's poison
             ... on level 3 of the Dungeon.
             The game lasted 00:01:06 (1220 turns).

runemasterragnar the Ruffian (OpSh)                 Turns: 1220, Time: 00:01:06

Health: -1/43      AC: 22    Str: 15    XL:     4   Next: 18%
Magic:  4/4        EV:  2    Int: 12    God:
Gold:   52         SH:  5    Dex: 11    Spells: 3/3 levels left

rFire   . .          .
                       - Unarmed
rCold   . . .        (no shield)
rNeg    . . .        (helmet currently unavailable)
rPois   +            h - amulet of reflection
rElec   .            (no ring)
rCorr   .            (no ring)
SInv    .            (no ring)
Will    .....        (no ring)
Stlth   ++           (no ring)
HPRegen 0.27/turn    (no ring)
MPRegen 0.09/turn    (no ring)
                     (no ring)

%: reflection
@: lethally poisoned (-1 -> -19), tree-form
A: stationary, stasis, torment immunity, boosted hp, almost no armour,
(amphibious), 8 rings, (camouflage 1), (gelatinous body 1), (nimble swimmer 1),
(tentacles)
a: no special abilities


You were on level 3 of the Dungeon.
You were a tree.
You visited 1 branch of the dungeon, and saw 3 of its levels.

You collected 52 gold pieces.

Inventory:

Jewellery
 h - an amulet of reflection (around neck)
Talismans
 b - a beast talisman (active)
 c - a flux talisman
Scrolls
 d - a scroll of poison {unknown}
 e - a scroll of fog {unknown}
 f - 5 scrolls of noise {unknown}
 g - a scroll of identify {unknown}
Potions
 a - 2 potions of lignification


   Skills:
 * Level 2.0 Fighting
 + Level 2.4 Dodging
 + Level 2.0 Stealth
 * Level 3.6 Unarmed Combat
 + Level 3.2 Shapeshifting


You had 3 spell levels left.
You didn't know any spells.
Your spell library was empty.

Dungeon Overview and Level Annotations

Branches:
Dungeon (3/15)

Altars:


Innate Abilities, Weirdness & Mutations

You are a tree.
Your roots penetrate the ground, keeping you stationary.
You cannot be teleported.
You are immune to unholy pain and torment.
Your maximum health is greatly increased.
You cannot wear most types of armour.
((You are amphibious.))
You can wear up to eight rings at the same time.
((Your skin changes colour to match your surroundings (Stealth+).))
((Your rubbery body absorbs attacks. (AC +1, EV +1)))
((You are camouflaged when in or above water. (Stealth+)))
((You have tentacles for arms and can constrict up to eight enemies at once.))


Message History

Ijyb is nearby!
You tentacle-slap Ijyb but do no damage.
Your grab misses Ijyb. Your squeeze misses Ijyb.
Ijyb is lightly wounded.
You block Ijyb's attack. The grasping roots constrict you.
You barely miss Ijyb. You grab Ijyb. You squeeze Ijyb.
Ijyb is moderately wounded.
You constrict Ijyb.
Ijyb hits you with a +4 dagger of venom.
You are poisoned.
The grasping roots constrict you.
Unknown command.
Unknown command.
You tentacle-slap Ijyb but do no damage.
Ijyb is heavily wounded.
You constrict Ijyb.
You feel sick.
Ijyb hits you with a +4 dagger of venom!
You are lethally poisoned!
The grasping roots constrict you.
* * * LOW HITPOINT WARNING * * *
Ijyb's grasping roots sink back into the ground.
Your transformation has ended.
You turn into a tree.
Your roots penetrate the ground.
You lose your grip on Ijyb.
* * * LOW HITPOINT WARNING * * *
You feel very sick.
Ijyb zaps a wand.
The roots erupt in riotous growth!
The grasping roots grab you!
Ijyb is unaffected.
The grasping roots constrict you.
* * * LOW HITPOINT WARNING * * *
You hit Ijyb.
Ijyb is severely wounded.
* * * LOW HITPOINT WARNING * * *
You feel sick. Ijyb hits you but does no damage.
You are more poisoned.
The grasping roots constrict you.
* * * LOW HITPOINT WARNING * * *
You smack Ijyb!
You kill Ijyb!
You die...

#.# #>.......
#.#####........
#..............
########........
................
.#######.#######
#.# #.########.#
#...♣)......
#..#######..
...... #######.
##


There were no monsters in sight!

Vanquished Creatures
  Ijyb (D:3)
  3 adders (D:2)
  3 dart slugs (D:1)
  A bat (D:2)
  5 endoplasms
  5 goblins
  5 hobgoblins
  4 ball pythons
  3 kobolds (D:1)
  4 rats (D:2)
34 creatures vanquished.

Notes
Turn   | Place    | Note
-------+----------+-------------------------------------------
     0 | D:1      | runemasterragnar the Octopode Shapeshifter began the quest
                  | for the Orb.
     0 | D:1      | Reached XP level 1. HP: 13/13 MP: 1/1
    92 | D:1      | Reached XP level 2. HP: 16/18 MP: 2/2
   298 | D:1      | Reached skill level 1 in Stealth
   439 | D:1      | Reached XP level 3. HP: 23/23 MP: 3/3
   938 | D:2      | Reached XP level 4. HP: 28/29 MP: 4/4
  1210 | D:3      | Noticed Ijyb
  1220 | D:3      | Killed Ijyb
  1220 | D:3      | Succumbed to Ijyb's poison

Illustrated notes

Levels and vault maps discovered:
D:1:      psy_arrival_basics, layout_basic
D:2:      layout_rooms
D:3:      layout_basic, nicolae_ru_sacrificial_ziggurat,
          hellmonk_ecumenical_altar_zigzags, grunt_ministairs_7, uniq_ijyb

Skill      XL: |  1  2  3  4 |
---------------+-------------+-----
Stealth        | 1 2 |  2.0
Fighting       | 2 |  2.0
Dodging        | |  2.4
Unarmed Combat | |  3.6
Shapeshifting  | |  3.2

Action                     |  1- 3 |  4- 6 || total
---------------------------+-------+-------++-------
  Melee: Unarmed           |    44 |    14 ||    58
         Constrict         |    14 |     4 ||    18
         Tentacles         |     9 |     2 ||    11
         Punch             |     1 |       ||     1
    Use: Potion            |       |     1 ||     1
   Stab: Sleeping          |     8 |       ||     8
 Armour: Skin              |    12 |    13 ||    25
  Dodge: Dodged            |    19 |     2 ||    21
  Block: Other             |     4 |     3 ||     7

Table legend: (Time is in decaauts)
 A = Elapsed time spent in this place.
 B = Non-inter-level travel time spent in this place.
 C = Inter-level travel time spent in this place.
 D = Time resting spent in this place.
 E = Time spent auto-exploring this place.
 F = Levels seen in this place.
 G = Mean time per level.
                   A        B        C        D        E       F      G
               +--------+--------+--------+--------+--------+-----+--------+
         Total |   1215 |   1197 |     18 |      0 |   1004 |   3 |  405.0 |
       Dungeon |   1215 |   1197 |     18 |      0 |   1004 |   3 |  405.0 |
               +--------+--------+--------+--------+--------+-----+--------+

Top non-repeatable levels by time:
     D:1: 716 daAuts
     D:2: 464 daAuts
     D:3: 34 daAuts
